 Dungeon Crawl Stone Soup version 0.28-a0-948-gee6e0bcda6 (webtiles) character file.

Game seed: 14075134885710264825

341 Gargoyl the Skirmisher (level 6, -10/53 HPs)
             Began as a Gnoll Abyssal Knight on Nov 30, 2021.
             Was a Believer of Lugonu.
             Mangled by a wraith (11 damage)
             ... on level 5 of the Dungeon.
             The game lasted 00:04:03 (4347 turns).

Gargoyl the Skirmisher (Gnoll Abyssal Knight)       Turns: 4347, Time: 00:04:04

Health: -10/53     AC: 13    Str: 14    XL:     6   Next: 56%
Magic:  9/9        EV:  5    Int: 10    God:    Lugonu [**....]
Gold:   254        SH:  0    Dex: 12    Spells: 9/9 levels left

rFire   . . .      SeeInvis .   a - +3 hand axe
rCold   . . .      Faith    .   (no shield)
rNeg    . . .      Spirit   .   f - +0 plate armour
rPois   .          Reflect  .   (no helmet)
rElec   .          Harm     .   d - +0 cloak
rCorr   .          Rampage  .   (no gloves)
Will    .....                   (no boots)
Stlth   ..........              (no amulet)
HPRegen 0.17/turn               (no ring)
MPRegen 0.11/turn               (no ring)

@: slowed, invisible, very slow
A: fangs 1, strong nose, distributed training
a: Renounce Religion, Depart the Abyss, Bend Space


You were on level 5 of the Dungeon.
You worshipped Lugonu.
Lugonu was pleased with you.
You visited 1 branch of the dungeon, and saw 5 of its levels.
You visited the Abyss 1 time.

You collected 254 gold pieces.

Inventory:

Hand Weapons
 a - a +3 hand axe (weapon)
Armour
 d - a +0 cloak (worn)
 f - a +0 plate armour (worn)
Wands
 h - a wand of flame (13)
Potions
 c - 4 potions of haste
 e - a potion of magic


   Skills:
 + Level 6.8 Fighting
 + Level 2.0 Short Blades
 + Level 2.0 Long Blades
 + Level 5.0 Axes
 + Level 2.0 Maces & Flails
 + Level 2.0 Polearms
 + Level 2.0 Staves
 + Level 2.0 Slings
 + Level 2.0 Bows
 + Level 2.0 Crossbows
 + Level 2.0 Throwing
 + Level 5.0 Armour
 + Level 3.3 Dodging
 + Level 2.0 Stealth
 + Level 2.0 Shields
 + Level 2.0 Unarmed Combat
 + Level 2.0 Spellcasting
 + Level 1.6 Conjurations
 + Level 1.6 Hexes
 + Level 1.6 Summonings
 + Level 1.6 Necromancy
 + Level 1.6 Translocations
 + Level 1.6 Transmutations
 + Level 1.6 Fire Magic
 + Level 1.6 Ice Magic
 + Level 1.6 Air Magic
 + Level 1.6 Earth Magic
 + Level 1.6 Poison Magic
 + Level 5.1 Invocations
 + Level 2.0 Evocations


You had 9 spell levels left.
You didn't know any spells.
Your spell library contained the following spells:

 Spells                   Type           Power      Damage    Failure   Level
 Sandblast                Erth           8%         2d5       100%        1
 Passwall                 Tmut/Erth      3%         N/A       100%        2
 Stone Arrow              Conj/Erth      8%         3d7       100%        3


Dungeon Overview and Level Annotations

Branches:
Dungeon (5/15)
 Temple: D:4-7

Altars:
Gozag
Hepliaklqana
Uskayaw
Yredelemnul

Shops:
D:4 *


Innate Abilities, Weirdness & Mutations

You have very sharp teeth.
Your uncanny sense of smell can sniff out nearby items.
Your experience applies equally to all skills.


Message History

The wraith hits you but does no damage.
Okay, then.
You feel much better. The wraith hits you but does no damage.
The wraith hits you.
It was a potion of magic.
Magic courses through your body. The wraith hits you.
The wraith drains your vigour!
You feel as though you will be slow longer.
It was a potion of invisibility.
You fade into invisibility!
The wraith hits you. The wraith hits you! The wraith drains your vigour!
You feel as though you will be slow longer.
You hit the wraith but do no damage.
The wraith is heavily damaged.
The wraith hits you. The wraith drains your vigour!
You feel as though you will be slow longer.
Unknown command.
You hit the wraith but do no damage.
The wraith is heavily damaged.
The wraith hits you!
* * * LOW HITPOINT WARNING * * *
The wraith drains your vigour!
You feel as though you will be slow longer.
The wraith hits you.
* * * LOW HITPOINT WARNING * * *
Aiming: Throw Flame
Press: ? - help, Shift-Dir - straight line, f - wraith
Aim: a wraith (heavily damaged, 71% to hit)
The puff of flame hits the wraith but does no damage.
The wraith is heavily damaged.
The wraith hits you.
* * * LOW HITPOINT WARNING * * *
The wraith drains your vigour!
You feel as though you will be slow longer.
Aiming: Throw Flame
Press: ? - help, Shift-Dir - straight line, f/p - wraith
Aim: a wraith (heavily damaged, 71% to hit)
The puff of flame hits the wraith!
The wraith is severely damaged.
The wraith hits you!
You die...

#########
#.......#
#.......# ∆
#.......#
#.......#
#.......#####
#.[@W........
#............
#............
####.##......
#.........
#.........
........$.
...........
............


You could see a wraith.

Vanquished Creatures
  A quasit (Abyss:1)
  2 orc priests (D:4)
  A hound (D:5)
  An iguana (D:5)
  2 orc wizards (D:2)
  3 gnolls (D:2)
  3 adders (D:4)
  A worm (D:2)
  2 dart slugs
  10 orcs
  3 bats
  8 endoplasms
  A giant cockroach (D:2)
  5 goblins
  A hobgoblin (D:3)
  7 jackals (D:3)
  7 kobolds
  2 quokkas
  10 ball pythons
  5 frilled lizards
  2 rats
77 creatures vanquished.

Vanquished Creatures (others)
  A starspawn tentacle (Abyss:1)
1 creature vanquished.

Grand Total: 78 creatures vanquished

Notes
Turn   | Place    | Note
-------+----------+-------------------------------------------
     0 | Abyss:1  | Gargoyl the Gnoll Abyssal Knight began the quest for the
                  | Orb.
     0 | Abyss:1  | Reached XP level 1. HP: 23/23 MP: 3/3
    63 | Abyss:1  | Noticed a quasit
    87 | Abyss:1  | Killed a quasit
    88 | Abyss:1  | Reached XP level 2. HP: 2/29 MP: 5/5
    88 | Abyss:1  | Reached XP level 3. HP: 3/35 MP: 6/6
   111 | Abyss:1  | Noticed a tentacled starspawn
   117 | D:1      | Escaped the Abyss
   547 | D:1      | Reached * piety under Lugonu
   968 | D:2      | Found a hazy altar of Hepliaklqana.
  1083 | D:2      | Reached skill level 1 in Short Blades
  1083 | D:2      | Reached skill level 1 in Long Blades
  1083 | D:2      | Reached skill level 1 in Maces & Flails
  1083 | D:2      | Reached skill level 1 in Polearms
  1083 | D:2      | Reached skill level 1 in Staves
  1083 | D:2      | Reached skill level 1 in Slings
  1083 | D:2      | Reached skill level 1 in Bows
  1083 | D:2      | Reached skill level 1 in Crossbows
  1083 | D:2      | Reached skill level 1 in Throwing
  1083 | D:2      | Reached skill level 1 in Stealth
  1083 | D:2      | Reached skill level 1 in Shields
  1083 | D:2      | Reached skill level 1 in Unarmed Combat
  1083 | D:2      | Reached skill level 1 in Spellcasting
  1083 | D:2      | Reached skill level 1 in Evocations
  1083 | D:2      | Reached XP level 4. HP: 24/41 MP: 7/7
  1488 | D:2      | Reached skill level 1 in Conjurations
  1488 | D:2      | Reached skill level 1 in Hexes
  1488 | D:2      | Reached skill level 1 in Summonings
  1488 | D:2      | Reached skill level 1 in Necromancy
  1488 | D:2      | Reached skill level 1 in Translocations
  1488 | D:2      | Reached skill level 1 in Transmutations
  1488 | D:2      | Reached skill level 1 in Fire Magic
  1488 | D:2      | Reached skill level 1 in Ice Magic
  1488 | D:2      | Reached skill level 1 in Air Magic
  1488 | D:2      | Reached skill level 1 in Earth Magic
  1488 | D:2      | Reached skill level 1 in Poison Magic
  1496 | D:2      | Reached XP level 5. HP: 42/47 MP: 8/8
  1716 | D:2      | Found a faded altar of an unknown god.
  2171 | D:3      | Reached ** piety under Lugonu
  3095 | D:4      | Found Piroufof's Elemental Accessories.
  3135 | D:4      | Reached skill level 5 in Invocations
  3136 | D:4      | Reached XP level 6. HP: 23/53 MP: 9/9
  3138 | D:5      | Entered Level 5 of the Dungeon
  3496 | D:4      | Reached skill level 5 in Axes
  3496 | D:4      | Reached skill level 5 in Armour
  4132 | D:4      | Found a hide-covered altar of Uskayaw.
  4135 | D:4      | Found a basalt altar of Yredelemnul.
  4140 | D:4      | Found an opulent altar of Gozag.
  4174 | D:5      | Noticed a wraith
  4346 | D:5      | HP: 1/53 [wraith (6)]
  4347 | D:5      | Mangled by a wraith

Illustrated notes

Levels and vault maps discovered:
D:1:      minmay_arrival_open_corners, layout_basic
D:2:      layout_basic, hellmonk_ecumenical_altar_arch_garden, basic_altar
D:3:      layout_loops_ring, corexii_leaking_fountain, kennysheep_generic_room_2
D:4:      layout_loops_ring, grunt_temple_overflow_diamond,
          roderic_roman_lattice, nicolae_elemental_shop
D:5:      layout_rooms

Skill      XL: |  1  2  3  4  5  6 |
---------------+-------------------+-----
Short Blades   | 1 2 |  2.0
Long Blades    | 1 2 |  2.0
Maces & Flails | 1 2 |  2.0
Polearms       | 1 2 |  2.0
Staves         | 1 2 |  2.0
Slings         | 1 2 |  2.0
Bows           | 1 2 |  2.0
Crossbows      | 1 2 |  2.0
Throwing       | 1 2 |  2.0
Stealth        | 1 2 |  2.0
Shields        | 1 2 |  2.0
Unarmed Combat | 1 2 |  2.0
Spellcasting   | 1 2 |  2.0
Evocations     | 1 2 |  2.0
Conjurations   | 1 |  1.6
Hexes          | 1 |  1.6
Summonings     | 1 |  1.6
Necromancy     | 1 |  1.6
Translocations | 1 |  1.6
Transmutations | 1 |  1.6
Fire Magic     | 1 |  1.6
Ice Magic      | 1 |  1.6
Air Magic      | 1 |  1.6
Earth Magic    | 1 |  1.6
Poison Magic   | 1 |  1.6
Dodging        | 3 |  3.3
Invocations    | 5 |  5.1
Axes           | 5 |  5.0
Armour         | 5 |  5.0
Fighting       | |  6.8

Action                   |  1- 3 |  4- 6 || total
-------------------------+-------+-------++-------
Melee: Hand axe          |    45 |   199 ||   244
       Bite              |       |    10 ||    10
       Punch             |       |     2 ||     2
Invok: Depart the Abyss  |     1 |       ||     1
Evoke: Wand              |       |     2 ||     2
  Use: Scroll            |     4 |     6 ||    10
       Potion            |       |     3 ||     3
Armor: Leather armour    |    19 |       ||    19
       Plate armour      |    38 |   188 ||   226
Dodge: Dodged            |    42 |    49 ||    91

Table legend: (Time is in decaauts)
 A = Elapsed time spent in this place.
 B = Non-inter-level travel time spent in this place.
 C = Inter-level travel time spent in this place.
 D = Time resting spent in this place.
 E = Time spent auto-exploring this place.
 F = Levels seen in this place.
 G = Mean time per level.
                   A        B        C        D        E       F      G
               +--------+--------+--------+--------+--------+-----+--------+
         Total |   4375 |   4301 |     74 |    698 |   2855 |   6 |  729.2 |
       Dungeon |   4257 |   4183 |     74 |    698 |   2774 |   5 |  851.4 |
         Abyss |    118 |    118 |      0 |      0 |     81 |   1 |  118.0 |
               +--------+--------+--------+--------+--------+-----+--------+

Top non-repeatable levels by time:
     D:3: 1244 daAuts
     D:4: 1009 daAuts
     D:1: 839 daAuts
     D:2: 782 daAuts
     D:5: 382 daAuts
 Abyss:1: 118 daAuts
